Map: Ever Dream LE

Players

Robbie (Rob) - Winner!

  • Race: Protoss Protoss
  • League: Grandmaster
  • Spawn Location: 1:00

Jason

  • Race: Terran Terran
  • League: Grandmaster
  • Spawn Location: 7:00

Event: The Miserable Cup

VOD

Have the link to the VOD?

Description

Time

  • Played on: June 21, 2020, 10:24 a.m.
  • Length: 7:13

All games in this series

Show
View Real Time Build Order
Export as new Build Order

Robbie Protoss - Winner!

Build Orders: 1 Gate Expand, Blink Stalkers 

Get SALT Encoding   

  12  0:00  Probe  
  13  0:12  Probe  
  14  0:19  Pylon  
  14  0:24  Probe  
  15  0:33  Probe  
  15  0:37  Gateway  
  15  0:42  Assimilator  
  16  0:43  Probe  
  17  0:55  Probe  
  18  1:07  Probe  
  19  1:19  Probe  
  20  1:25  Nexus  
  20  1:34  Cybernetics Core  
  20  1:35  Probe  
  21  1:40  Assimilator  
  21  1:47  Probe  
  21  1:51  Pylon  
  22  1:59  Probe  
  22  2:00  Adept  
  23  2:11  Warp Gate, Probe  
  26  2:23  Probe  
  27  2:30  Stalker  
  27  2:31  Probe  
  30  2:38  Probe  
  30  2:42  Probe  
  30  2:50  Probe  
  32  2:56  Probe  
  33  3:05  Probe  
  34  3:08  Probe  
  34  3:11  Robotics Facility, Twilight Council  
  35  3:15  Probe  
  35  3:19  Probe, Gateway  
  36  3:23  Blink, Probe  
  37  3:27  Probe  
  37  3:31  Probe  
  37  3:33  Gateway  
  39  3:39  Gateway  
  39  3:40  Probe  
  40  3:47  Probe  
  42  3:52  Probe  
  42  3:53  Pylon  
  43  4:02  Stalker  
  45  4:11  Warp Prism  
  45  4:12  Pylon  
  47  4:23  Stalker  
  51  4:27  Stalker  
  51  4:28  Stalker  
  51  4:29  Pylon  
  53  4:33  Pylon  
  53  4:39  Stalker  
  55  4:47  Observer  
  55  4:49  Stalker  
  55  4:51  Stalker x2  
  62  5:00  Nexus  
  62  5:02  Pylon  
  60  5:10  Shield Battery  
  60  5:26  Stalker x4  
  60  5:27  Pylon  
  60  5:49  Stalker x3  
  66  5:50  Zealot  
  66  5:53  Probe x2  
  66  5:56  Forge  
  70  5:58  Gateway  
  70  6:06  Probe x2  
  70  6:10  Stalker  
  70  6:11  Stalker  
  76  6:13  Zealot  
  76  6:15  Stalker  
  76  6:18  Pylon  
  80  6:25  Probe x2  
  80  6:40  Probe x2  
  80  6:41  Probe  
  83  6:51  Gateway x3  
  83  6:52  Gateway  
  83  6:56  Probe x2  
Show
View Real Time Build Order
Export as new Build Order

Jason Terran 

Build Orders: Reaper Expand 

Get SALT Encoding   

  12  0:02  SCV  
  13  0:14  SCV  
  13  0:17  Supply Depot  
  14  0:27  SCV  
  15  0:39  SCV  
  15  0:40  Barracks  
  16  0:44  Refinery  
  16  0:51  SCV  
  17  1:03  SCV  
  18  1:15  SCV  
  19  1:28  Reaper, Orbital Command  
  20  1:42  Command Center  
  20  1:54  SCV, Supply Depot  
  21  2:00  Barracks Reactor  
  21  2:06  SCV  
  22  2:10  Barracks  
  22  2:18  Barracks  
  22  2:21  SCV  
  23  2:35  SCV  
  24  2:37  Marine x2  
  25  2:48  SCV  
  26  2:55  Marine x2  
  28  3:01  SCV  
  28  3:02  Barracks Tech Lab  
  29  3:06  Orbital Command  
  29  3:10  Barracks Tech Lab  
  29  3:11  Bunker  
  28  3:14  SCV  
  28  3:18  Marine x2  
  28  3:19  Supply Depot  
  31  3:20  Stimpack  
  31  3:26  Marauder  
  33  3:28  SCV  
  33  3:32  SCV  
  35  3:37  Marauder  
  35  3:39  Marine  
  35  3:41  Marine  
  38  3:43  SCV  
  40  3:49  Supply Depot  
  40  3:52  Combat Shield  
  40  3:54  Marauder  
  42  3:56  SCV x2  
  42  4:02  Marine, Supply Depot  
  44  4:08  SCV  
  44  4:09  SCV  
  47  4:10  Refinery  
  47  4:14  Engineering Bay  
  47  4:20  SCV  
  47  4:24  SCV  
  49  4:27  Marauder x2  
  49  4:28  Marine  
  49  4:30  Refinery, Marine  
  55  4:33  SCV  
  55  4:36  SCV  
  57  4:41  Terran Infantry Weapons Level 1  
  57  4:42  Missile Turret  
  57  4:45  SCV, Supply Depot  
  58  4:48  Marine  
  58  4:49  Marine  
  60  4:54  SCV  
  60  4:56  Marauder x2  
  65  5:01  SCV  
  65  5:02  Supply Depot  
  65  5:03  Supply Depot  
  65  5:05  Concussive Shells  
  65  5:06  SCV  
  67  5:08  Marine  
  67  5:09  Marine  
  67  5:13  SCV  
  67  5:14  Factory  
  70  5:18  SCV  
  70  5:24  Marauder  
  70  5:25  Marauder  
  70  5:26  Marine x2  
  70  5:27  SCV  
  77  5:30  SCV  
  58  5:43  SCV x2  
  58  5:44  Marine  
  58  5:46  Marauder x2  
  58  5:48  Marine  
  58  5:49  Bunker  
  66  5:58  Factory Reactor  
  66  5:59  Starport  
  66  6:03  SCV x2  
  68  6:04  Marine  
  68  6:06  Supply Depot  
  68  6:07  Marine, Marauder x2, Supply Depot  
  74  6:15  SCV, Supply Depot x2  
  74  6:16  SCV  
  75  6:29  Marine  
  75  6:30  Marauder  
  75  6:35  SCV x2  
  68  6:42  Marine  
  68  6:43  Marauder  
  71  6:47  Marine, SCV  
  71  6:48  SCV  
  71  6:52  Factory Reactor  
  71  6:53  Supply Depot  
Tags
 
Add a new tag
Caveats
  • Supply blocks, unpowered buildings, or Contaminate may cause inaccurate times.
  • Supply counts are checked every 10 seconds.